 Dungeon Crawl Stone Soup version 0.28-a0-1395-g4f6bc678fa (webtiles) character file.

Game seed: 14260671276490699975

438 Deminshera the Poker (level 7, -3/59 HPs)
             Began as a Merfolk Monk on Jan 4, 2022.
             Succumbed to a water moccasin's poison
             ... on level 4 of the Dungeon.
             The game lasted 00:03:49 (4683 turns).

Deminshera the Poker (Merfolk Monk)                 Turns: 4683, Time: 00:03:49

Health: -3/59      AC:  5    Str: 13    XL:     7   Next: 1%
Magic:  7/7        EV: 15    Int:  9    God:
Gold:   95         SH:  0    Dex: 17    Spells: 6/6 levels left

rFire   . . .      SeeInvis .   e - +0 trident
rCold   . . .      Faith    .   (no shield)
rNeg    . . .      Spirit   .   c - +0 ring mail
rPois   .          Reflect  .   (no helmet)
rElec   .          Harm     .   (no cloak)
rCorr   .          Rampage  .   (no gloves)
Will    .....                   (boots currently unavailable)
Stlth   +++.......              (no amulet)
HPRegen 0.19/turn               (no ring)
MPRegen 0.10/turn               (no ring)

@: lethally poisoned (-3 -> -19), attractive, very quick
A: nimble swimmer 2, mertail
a: no special abilities


You were on level 4 of the Dungeon.
You visited 1 branch of the dungeon, and saw 4 of its levels.

You collected 95 gold pieces.

Inventory:

Hand Weapons
 e - a +0 trident (weapon)
Armour
 b - a +0 scale mail
 c - a +0 ring mail (worn)
Jewellery
 h - a ring of positive energy
Scrolls
 d - a scroll of identify {unknown}
 g - a scroll of silence {unknown}
 k - a scroll of enchant armour {unknown}
Potions
 a - a potion of magic {unknown}
 f - a potion of heal wounds {unknown}
 i - a potion of curing {unknown}


   Skills:
 + Level 6.5 Fighting
 - Level 7.0 Polearms
 - Level 5.0 Dodging
 - Level 3.0 Stealth


You had 6 spell levels left.
You didn't know any spells.
Your spell library contained the following spells:

 Spells                   Type           Power      Damage    Failure   Level
 Animate Skeleton         Necr           0%         N/A       65%         1
 Apportation              Tloc           0%         N/A       65%         1
 Summon Small Mammal      Summ           0%         N/A       65%         1
 Scorch                   Fire           0%         2d5       80%         2
 Call Canine Familiar     Summ           0%         N/A       95%         3
 Summon Guardian Golem    Hex/Summ       0%         N/A       95%         3
 Flame Wave               Conj/Fire      0%         2d4       100%        4
 Summon Cactus Giant      Summ           0%         N/A       100%        6


Dungeon Overview and Level Annotations

Branches:
Dungeon (4/15)
 Temple: D:4-7

Altars:


Innate Abilities, Weirdness & Mutations

You are very nimble when in or above water. (Stealth+, EV+, Speed+++)
Your lower body shifts to a powerful aquatic tail in water.


Message History

You miss the water moccasin.
You tail-slap the water moccasin, but do no damage.
The water moccasin is moderately wounded.
The water moccasin bites you.
You are poisoned.
The water moccasin poisons you!
You puncture the water moccasin!
The water moccasin is heavily wounded.
You feel very sick. The water moccasin bites you.
You are more poisoned.
The water moccasin poisons you! The water moccasin bites you.
You miss the water moccasin.
The water moccasin is heavily wounded.
You feel extremely sick. The water moccasin bites you!
You are too injured to fight recklessly!
You are too injured to fight recklessly!
You are too injured to fight recklessly!
There is a lethal amount of poison in your body!
Unknown command.
You feel very sick. The water moccasin bites you.
You are more poisoned.
The water moccasin poisons you!
Your legs become a tail as you enter the water.
* * * LOW HITPOINT WARNING * * *
You feel very sick.
* * * LOW HITPOINT WARNING * * *
You feel very sick.
* * * LOW HITPOINT WARNING * * *
You feel very sick.
* * * LOW HITPOINT WARNING * * *
You feel very sick.
* * * LOW HITPOINT WARNING * * *
You feel very sick.
Okay, then.
It was a potion of attraction.
You feel attractive to monsters.
You die...

..... .... ... #.# #.##
#######g.############
≈..≈..≈≈≈≈.≈≈≈..>....
≈≈.≈≈≈≈≈.≈≈≈S@≈.#######
♣≈≈≈♣♣♣≈.≈♣♣♣≈...<....#
♣ ♣≈≈≈♣ ♣≈..#.###.#
♣≈≈≈♣♣♣≈..#.<.#
≈≈≈.≈≈≈≈≈..#.#.#
≈≈..≈≈.≈....#...#
≈≈≈≈≈≈≈≈≈≈≈.####.#
≈♣♣♣≈.≈♣♣♣≈......# ≈≈≈
♣≈.######


You could see a water moccasin and a goblin.

Vanquished Creatures
  Grinder (D:3)
  An orc priest (D:3)
  Natasha (thrice) (D:3)
  An orc wizard (D:3)
  4 adders
  9 orcs
  5 ball pythons
  5 endoplasms
  4 giant cockroaches
  5 goblins
  5 hobgoblins
  A jackal (D:1)
  3 kobolds (D:2)
  3 quokkas
  7 bats
  2 frilled lizards (D:1)
  7 rats
66 creatures vanquished.

Notes
Turn   | Place    | Note
-------+----------+-------------------------------------------
     0 | D:1      | Deminshera the Merfolk Monk began the quest for the Orb.
     0 | D:1      | Reached XP level 1. HP: 18/18 MP: 1/1
   136 | D:1      | Found a faded altar of an unknown god.
   315 | D:1      | Reached XP level 2. HP: 21/24 MP: 2/2
   937 | D:2      | Reached XP level 3. HP: 29/29 MP: 3/3
  1092 | D:2      | Reached skill level 5 in Polearms
  1621 | D:2      | Reached XP level 4. HP: 37/37 MP: 4/4
  2376 | D:3      | Reached skill level 5 in Dodging
  2951 | D:3      | Reached XP level 5. HP: 42/42 MP: 5/5
  3006 | D:3      | Reached skill level 6 in Polearms
  3244 | D:3      | Noticed Grinder
  3268 | D:3      | Paralysed by Grinder for 5 turns
  3289 | D:3      | Paralysed by Grinder for 7 turns
  3304 | D:3      | Killed Grinder
  3305 | D:3      | Reached skill level 5 in Fighting
  3305 | D:3      | Reached skill level 7 in Polearms
  3305 | D:3      | Reached XP level 6. HP: 38/52 MP: 6/6
  3700 | D:3      | Noticed Natasha
  3708 | D:3      | Killed Natasha
  3982 | D:3      | Noticed Natasha
  3994 | D:3      | Killed Natasha
  4264 | D:3      | Noticed Natasha
  4274 | D:3      | Killed Natasha
  4275 | D:3      | Reached XP level 7. HP: 55/59 MP: 7/7
  4682 | D:4      | HP: 1/59 [poisoned by a water moccasin]
  4683 | D:4      | Succumbed to a water moccasin's poison

Illustrated notes

Levels and vault maps discovered:
D:1:      dpeg_arrival_long_road, layout_basic,
          shapermc_ecumenical_altar_mp_ritualfount, minmay_misc_feat_diagonals,
          st_stairs_10, minmay_misc_feat_tower
D:2:      layout_basic, wad_orctagon
D:3:      layout_basic, uniq_grinder, uniq_natasha
D:4:      kennysheep_goblin_castle, layout_basic, nemelex_spade_bored_becter,
          kennysheep_boxes

Skill      XL: |  1  2  3  4  5  6 |
---------------+-------------------+-----
Polearms       | 5 7 |  7.0
Stealth        | 3 |  3.0
Fighting       | 4 5 6 |  6.5
Dodging        | 5 |  5.0

Action                   |  1- 3 |  4- 6 |  7- 9 || total
-------------------------+-------+-------+-------++-------
Melee: Spear             |   101 |       |       ||   101
       Trident           |     9 |   134 |     7 ||   150
       Unarmed           |       |     5 |       ||     5
       Tailslap          |       |       |     1 ||     1
  Use: Potion            |       |     2 |     1 ||     3
 Stab: Sleeping          |     5 |     1 |     1 ||     7
       Distracted        |       |     1 |       ||     1
Armor: Ring mail         |    23 |    30 |     1 ||    54
       Skin              |       |    10 |       ||    10
Dodge: Dodged            |    51 |    42 |     2 ||    95

Table legend: (Time is in decaauts)
 A = Elapsed time spent in this place.
 B = Non-inter-level travel time spent in this place.
 C = Inter-level travel time spent in this place.
 D = Time resting spent in this place.
 E = Time spent auto-exploring this place.
 F = Levels seen in this place.
 G = Mean time per level.
                   A        B        C        D        E       F      G
               +--------+--------+--------+--------+--------+-----+--------+
         Total |   4662 |   4570 |     92 |   1251 |   2703 |   4 | 1165.5 |
       Dungeon |   4662 |   4570 |     92 |   1251 |   2703 |   4 | 1165.5 |
               +--------+--------+--------+--------+--------+-----+--------+

Top non-repeatable levels by time:
     D:3: 1974 daAuts
     D:2: 1742 daAuts
     D:1: 911 daAuts
     D:4: 34 daAuts
